 Dungeon Crawl Stone Soup version 0.26-a0-1205-g4083c211ab (webtiles) character file.

Game seed: 3315287961395893156

25 CurlyBrace the Sneak (level 2, 14/14 HPs)
             Began as a Felid Delver on Dec 29, 2020.
             Quit the game on level 4 of the Dungeon.
             The game lasted 00:00:20 (13 turns).

CurlyBrace the Sneak (Felid Delver)                   Turns: 13, Time: 00:00:20

Health: 14/14      AC:  1    Str:  8    XL:     2   Next: 86%
Magic:  3/3        EV: 18    Int: 11    God:
Gold:   0          SH:  0    Dex: 17    Spells: 1/1 levels left
                                        Lives:  0   Deaths: 0

rFire    . . .     SeeInvis +     - Unarmed
rCold    . . .     Faith    .   (shield unavailable)
rNeg     . . .     Spirit   .   (armour unavailable)
rPois    .         Reflect  .   (helmet unavailable)
rElec    .         Harm     .   (cloak unavailable)
rCorr    .         Rampage  .   (gloves unavailable)
Will     .....                  (boots unavailable)
Stlth    ++++......             (no amulet)
HPRegen  0.04/turn              (no ring)
MPRegen  0.08/turn              (no ring)

@: quick
A: very small, no armour, no weapons or thrown items, stealth, claws 1, fangs 3,
see invisible, speed 1, shaggy fur 1, sharp paws
a: no special abilities


You were on level 4 of the Dungeon.
You visited 1 branch of the dungeon, and saw 3 of its levels.

Inventory:

Wands
 v - a wand of digging (3)
Scrolls
 a - a scroll of fog
 c - a scroll of fear
Potions
 h - a potion of haste


   Skills:
 - Level 3.0 Fighting
 - Level 3.0 Dodging
 - Level 7.0 Stealth
 * Level 2.9 Unarmed Combat


You had one spell level left.
You didn't know any spells.
Your spell library was empty.

Dungeon Overview and Level Annotations

Branches:
Dungeon (6/15)
 Temple: D:4-7

Altars:

Annotations:
D:6 Grinder


Innate Abilities, Weirdness & Mutations

You cannot wear armour.
You are incapable of wielding weapons or throwing items.
Your paws allow you to move quietly. (Stealth)
You have sharp claws.
You have razor-sharp teeth.
You have supernaturally acute eyesight. (SInv)
You cover ground quickly.
You are covered in fur. (AC +1)
Your sharp claws are effective at attacking unaware monsters.


Message History

Training target 7.0 for Stealth reached!
Your Dodging skill increases to level 3!
Your Stealth skill increases to level 7!
You have reached level 2!
Grinder says, "Don't move a muscle."
Grinder gestures at you. You resist with significant effort.
There is a stone staircase leading up here.
You climb upwards.
There is a stone staircase leading down here.
There is a stone staircase leading up here.
You climb upwards.
Found 32 gold pieces.
There is a stone staircase leading down here.
You can't go up here!
As you read the scroll of magic mapping, it crumbles to dust.
You feel aware of your surroundings.
Unknown command.
Unknown command.
Are you sure you want to abandon this character and quit the game? (Confirm with "yes".)

*,,,** *,, ***,,**
*,, ***,,,,** *,,
#****,,,,,,,** **,
#.,,,,****,,,****
** *#.,***
*,,,,,,** *
#..######*,,,,,,**
#.......#**,,,,,,*
*#....@..#
*,,,,,,**
#....$..##
**,,,,,,****
#.......#
**,,,,,,,,,
#.......#
*,,,,,,,,,
#......##
**,,,,,,**
#......# *,,,,,,,*
#$....##
**,,,,,,,**
##....*
*,,,,,,,,,*
**,,,**
**,,,,,,,,,*


There were no monsters in sight!

Vanquished Creatures
  A worker ant (D:6)
1 creature vanquished.

Notes
Turn   | Place    | Note
-------+----------+-------------------------------------------
     0 | D:5      | CurlyBrace the Felid Delver began the quest for the Orb.
     0 | D:5      | Reached XP level 1. HP: 10/10 MP: 2/2
     1 | D:6      | Noticed Grinder
     1 | D:6      | Noticed a worker ant
     4 | D:6      | Killed a worker ant
     5 | D:6      | Reached skill level 7 in Stealth
     5 | D:6      | Reached XP level 2. HP: 14/14 MP: 3/3
    13 | D:4      | Quit the game

Illustrated notes

Levels and vault maps discovered:
D:4:      layout_cave_pods, minmay_misc_feat_ornament, uniq_pikel
D:5:      layout_cave_pools, overflow_temple_1_default,
          minmay_temple_entry_trees, basic_altar, uniq_edmund
D:6:      layout_basic, kennysheep_doodads, uniq_grinder

Skill      XL: |  1 |
---------------+----+-----
Dodging        | 3 |  3.0
Stealth        | 7 |  7.0
Fighting       | |  3.0
Unarmed Combat | |  2.9

Action                   || total
-------------------------++-------
Melee: Unarmed           ||     1
  Use: Scroll            ||     1
 Stab: Sleeping          ||     1

Table legend: (Time is in decaauts)
 A = Elapsed time spent in this place.
 B = Non-inter-level travel time spent in this place.
 C = Inter-level travel time spent in this place.
 D = Time resting spent in this place.
 E = Time spent auto-exploring this place.
 F = Levels seen in this place.
 G = Mean time per level.
                   A        B        C        D        E       F      G
               +--------+--------+--------+--------+--------+-----+--------+
         Total |     12 |     12 |      0 |      0 |      0 |   3 |    4.0 |
       Dungeon |     12 |     12 |      0 |      0 |      0 |   3 |    4.0 |
               +--------+--------+--------+--------+--------+-----+--------+

Top non-repeatable levels by time:
     D:6: 6 daAuts
     D:5: 4 daAuts
     D:4: 1 daAuts
